 Dungeon Crawl Stone Soup version 0.14.1-1-g650416f (webtiles) character file.

286 tap556 the Sneak (level 5, -6/34 HPs)
             Began as a Halfling Assassin on May 4, 2014.
             Mangled by Spatzist's ghost (14 damage)
             ... on Level 3 of the Dungeon on May 5, 2014.
             The game lasted 00:16:40 (1967 turns).

tap556 the Sneak (Halfling Assassin)                Turns: 1967, Time: 00:16:40

HP  -6/34        AC  5     Str  8      XL: 5   Next: 80%
MP   5/5         EV 13     Int 11      God:
Gold 116         SH  0     Dex 19      Spells:  0 memorised,  4 levels left

rFire  . . .     SeeInvis .     a - +2,+3 dagger
rCold  . . .     Clarity  .     t - +0 leather armour
rNeg   . . .     Conserve .     (no shield)
rPois  .         rCorr    +     (no helmet)
rElec  .         rRot     .     d - +0 cloak
SustAb . .       Spirit   .     i - +0 pair of gloves
rMut   .         Warding  .     (no boots)
Saprov . . .     Stasis   .     j - amulet of resist corrosion
MR     .....                    (no ring)
                                (no ring)

@: not resistant to hostile enchantments, very stealthy
A: mutation resistance 1, slow metabolism 1
a: no special abilities


You were on level 3 of the Dungeon.
You were not hungry.

You visited 1 branch of the dungeon, and saw 3 of its levels.

You collected 116 gold pieces.

Inventory:

Hand weapons
 a - a +2,+3 dagger (weapon)
 b - a +1 blowgun
 h - a +0,+0 dagger
 s - a +1,+0 dagger of flaming
Missiles
 c - 7 tomahawks (quivered)
 e - a poisoned needle
 f - 2 curare-tipped needles
Armour
 d - a +0 cloak (worn)
 i - a +0 pair of gloves (worn)
 t - a +0 leather armour (worn)
Comestibles
 g - a bread ration
 r - a rambutan
Scrolls
 n - a scroll of remove curse
Jewellery
 j - an amulet of resist corrosion (around neck)
Potions
 k - 2 potions of heal wounds {unknown}
 l - a potion of magic {unknown}
 p - 2 potions of poison {unknown}


   Skills:
 + Level 2.1 Fighting
 + Level 3.6 Short Blades
 + Level 4.4 Throwing
 + Level 2.6 Dodging
 + Level 7.0 Stealth


You had 4 spell levels left.
You didn't know any spells.

Dungeon Overview and Level Annotations

Branches:
Dungeon (3/15)

Altars:
Kikubaaqudgha

Annotations:
D:3 Spatzist's ghost, average GrFi


Innate Abilities, Weirdness & Mutations

You are small and have problems with some larger weapons.
You are somewhat resistant to further mutation.
You have a slow metabolism.


Message History

You hit Spatzist's ghost.
Spatzist's ghost is lightly damaged.
You barely miss Spatzist's ghost.
Spatzist's ghost is lightly damaged.
Spatzist's ghost misses you.
You completely miss Spatzist's ghost.
Spatzist's ghost is lightly damaged.
Spatzist's ghost hits you but does no damage.
You hit Spatzist's ghost but do no damage.
Spatzist's ghost is lightly damaged.
Spatzist's ghost hits you!
You hit Spatzist's ghost but do no damage.
Spatzist's ghost is lightly damaged.
Spatzist's ghost hits you!
* * * LOW HITPOINT WARNING * * *
Spatzist's ghost whispers, "There is no future for you."
You see here a rotting goblin corpse.
There is a stone staircase leading up here.
Spatzist's ghost hits you!
You die...

#.# #....# #..#....### #.#
#....# #.........# #.#
##...# #..#....#.#
##.#####
#.%.####.#####.#..
#......#
#....%..........##
######.#
#................. #.#
#.#.......######## #.#
#p#.......# # #.#
#@#..####.######## #.#
#.#....##.##.....# #.#
####.#.##.##.###.# #.#
#.#.##....# #.# #)#
#.#.####### #[# #.#
#####.#.##....# #.# #.#
#.....#.##.##.###.#
#.######.#####.##......).#
#........).%...(#.##.....>


You could see Spatzist's ghost.

Vanquished Creatures
  An orc wizard (D:3)
  Jessica (D:2)
  6 adders
  A worm (D:2)
  5 giant geckos
  An ooze (D:2)
  2 orcs (D:3)
  A ball python (D:1)
  6 hobgoblins
  8 jackals (D:2)
  A quokka (D:2)
  6 bats
  4 giant newts
  10 goblins
  7 kobolds
  7 rats
67 creatures vanquished.

Notes
Turn   | Place    | Note
--------------------------------------------------------------
     0 | D:1      | tap556, the Halfling Assassin, began the quest for the Orb.
     0 | D:1      | Reached XP level 1. HP: 14/14 MP: 1/1
   182 | D:1      | Reached XP level 2. HP: 19/19 MP: 2/2
   385 | D:1      | Reached skill level 6 in Stealth
   465 | D:1      | Reached XP level 3. HP: 20/24 MP: 3/3
   900 | D:2      | Found an ancient bone altar of Kikubaaqudgha.
   984 | D:2      | Reached XP level 4. HP: 29/29 MP: 4/4
  1215 | D:2      | Noticed Jessica
  1225 | D:2      | Killed Jessica
  1316 | D:2      | Reached XP level 5. HP: 28/34 MP: 5/5
  1642 | D:3      | Reached skill level 7 in Stealth
  1900 | D:3      | Noticed Spatzist's ghost (average GrFi)
  1967 | D:3      | Mangled by Spatzist's ghost

Action                   |  1- 3 |  4- 6 || total
-------------------------+-------+-------++-------
Melee: Dagger            |    46 |    87 ||   133
 Fire: Blowgun           |    10 |    10 ||    20
Throw: Tomahawk          |    13 |    19 ||    32
  Use: Scroll            |     6 |     4 ||    10
 Stab: Sleeping          |     9 |     7 ||    16
       Distracted        |       |     1 ||     1
